 Dungeon Crawl Stone Soup version 0.31.0-10-gcf4a605ca0 (webtiles) character file.

Game seed: 1418464558585066126

828 jestert79 the Basher (level 7, 0/99 HPs)
             Began as an Oni Wanderer on Jan 25, 2024.
             Was an Initiate of Kikubaaqudgha.
             Slain by a gnoll bouda
             ... wielding a +0 whip
              (2 damage)
             ... on level 6 of the Dungeon.
             The game lasted 00:07:49 (3794 turns).

jestert79 the Basher (Oni Wanderer)                 Turns: 3794, Time: 00:07:50

Health: 0/99       AC: 23    Str: 17    XL:     7   Next: 97%
Magic:  7/7        EV:  1    Int: 13    God:    Kikubaaqudgha [......]
Gold:   244        SH:  5    Dex: 10    Spells: 6/6 levels left

rFire   . . .        a - +2 mace
rCold   . . .        (no shield)
rNeg    . . .        f - melded +0 robe
rPois   +            (helmet currently unavailable)
rElec   .            (cloak currently unavailable)
rCorr   .            (gloves unavailable)
SInv    .            (boots unavailable)
Will    .....        l - amulet of reflection
Stlth   +            (no ring)
HPRegen 0.36/turn    (no ring)
MPRegen 0.10/turn

%: reflection
@: tree-form
A: stationary, stasis, torment immunity, boosted hp, large, unfitting armour,
(horns 1), (tough skin 1), double potion healing, drunken brawling
a: Renounce Religion


You were on level 6 of the Dungeon.
You worshipped Kikubaaqudgha.
Kikubaaqudgha was noncommittal.
You were a tree.
You visited 1 branch of the dungeon, and saw 6 of its levels.

You collected 244 gold pieces.

Inventory:

Hand Weapons
 a - a +2 mace (weapon)
 b - a +0 sling
 d - a +0 dagger
Missiles
 c - 17 poisoned darts (quivered)
Armour
 f - a +0 robe (melded)
Jewellery
 l - an amulet of reflection (around neck)
 w - a ring of ice
Scrolls
 g - a scroll of fear {unknown}
 j - a scroll of enchant armour {unknown}
 k - 3 scrolls of vulnerability {unknown}
 o - a scroll of fog {unknown}
 p - a scroll of amnesia {unknown}
 q - a scroll of summoning {unknown}
 r - 2 scrolls of identify {unknown}
 t - a scroll of poison {unknown}
 v - a scroll of noise {unknown}
Potions
 e - 2 potions of brilliance
 h - a potion of lignification
 i - a potion of might {unknown}
 m - 3 potions of haste {unknown}
 s - a potion of enlightenment {unknown}
 u - 2 potions of attraction
 x - a potion of resistance {unknown}


   Skills:
 - Level 2.6 Fighting
 + Level 9.2 Maces & Flails
 - Level 1.3 Ranged Weapons
 - Level 2.0 Throwing
 - Level 1.0 Stealth


You had 6 spell levels left.
You didn't know any spells.
Your spell library contained the following spells:

 Spells                   Type           Power      Damage    Failure   Level
 Dazzling Flash           Conj/Hex       0%         N/A       67%         3
 Volatile Blastmotes      Fire/Tloc      0%         2d10      67%         3
 Starburst                Conj/Fire      0%         6d3       100%        6
 Maxwell's Capacitive Co  Air            0%         ∞         100%        8


Dungeon Overview and Level Annotations

Branches:
Dungeon (7/15)
 Temple: D:4-7

Altars:
Kikubaaqudgha
Ru

Annotations:
D:2 1 runed translucent door, Crazy Yiuf


Innate Abilities, Weirdness & Mutations

You are a tree.
Your roots penetrate the ground, keeping you stationary.
You cannot be teleported.
You are immune to unholy pain and torment.
Your maximum health is greatly increased.
Your equipment is partially melded.
You are too large for most types of armour.
((You have a pair of small horns on your head.))
((You have tough skin. (AC +1)))
You gain doubled healing and magic from potions.
Whenever you drink a healing potion, you attack all around you.


Message History

The gnoll bouda is moderately wounded.
The gnoll bouda hits you with a +0 whip.
The gnoll hits you from afar with a +0 spear.
You barely miss the gnoll bouda.
The gnoll bouda is moderately wounded.
The gnoll bouda barely misses you. The gnoll misses you.
Throw: 18 darts (poison)
Press: ? - help, Q - select action Shift-Dir - straight line, f - gnoll bouda
Aim: a gnoll bouda, wielding a +0 whip and wearing a +0 leather armour (moderately wounded, 58% to hit)
You throw a poisoned dart. The poisoned dart hits the gnoll bouda.
The gnoll bouda is poisoned.
The gnoll bouda is moderately wounded.
The gnoll is no longer moving quickly.
The gnoll bouda hits you with a +0 whip!
* * * LOW HITPOINT WARNING * * *
You block the gnoll's attack.
Unknown command.
You hit the gnoll bouda but do no damage.
The gnoll bouda is moderately wounded.
You hit the gnoll bouda but do no damage.
The gnoll bouda is moderately wounded.
The gnoll bouda hits you with a +0 whip!
* * * LOW HITPOINT WARNING * * *
The gnoll hits you from afar with a +0 spear.
* * * LOW HITPOINT WARNING * * *
It was a potion of lignification.
You turn into a tree.
Your +0 robe melds into your body.
Your roots penetrate the ground.
The gnoll bouda barks out a call to the hunt!
The gnoll picks up the pace!
The gnoll hits you but does no damage.
You closely miss the gnoll bouda.
The gnoll bouda is moderately wounded.
The gnoll hits you from afar with a +0 spear.
* * * LOW HITPOINT WARNING * * *
The gnoll bouda hits you but does no damage.
You closely miss the gnoll bouda.
The gnoll bouda is heavily wounded.
The gnoll bouda hits you with a +0 whip.
You die...
Kikubaaqudgha rasps: "You have failed me!
Welcome... death!"

#.###..##....####...[
#.....#.gg...# #....
###.........##..#
#.... #...#..##..##
#.... #.#...(.....#
... ......##g#....#
... ....## #g#...##
.. ### #g##...# ..
#♣##...# .#
#>###..###'# #.#
##.....# ..# #.....#
.### #[..### .#
#...._# ## ##.....#
#..≈≈≈'# # #..≈...#..


You could see a gnoll bouda (poisoned) and 2 gnolls.

Vanquished Creatures
  Grinder (D:4)
  Sigmund (D:3)
  A water moccasin (D:6)
  2 scorpions
  A hound (D:6)
  An orc priest (D:4)
  Jessica (D:3)
  An iguana (D:6)
  A sleepcap (D:7)
  Robin (D:3)
  A gnoll (D:6)
  An adder (D:4)
  A white imp (D:6)
  A ribbon worm (D:2)
  9 orcs
  6 bats
  3 bat zombies (D:4)
  6 endoplasms
  2 giant cockroaches
  17 goblins
  6 hobgoblins
  8 kobolds
  3 quokkas
  2 ball pythons (D:3)
  3 frilled lizards
  A frilled lizard zombie (D:4)
  6 rats
87 creatures vanquished.

Notes
Turn   | Place    | Note
-------+----------+-------------------------------------------
     0 | D:1      | jestert79 the Oni Wanderer began the quest for the Orb.
     0 | D:1      | jestert79 set off with the following items: a +2 mace, a +0
                  | sling, 12 poisoned darts, a +0 dagger, a potion of
                  | brilliance, a +0 robe.
     0 | D:1      | Reached XP level 1. HP: 22/22 MP: 1/1
   121 | D:1      | Reached XP level 2. HP: 29/29 MP: 2/2
   483 | D:2      | Reached skill level 4 in Maces & Flails
   540 | D:2      | Reached XP level 3. HP: 36/36 MP: 3/3
   573 | D:2      | Found a runed translucent door.
   574 | D:2      | Noticed Crazy Yiuf
  1308 | D:3      | Noticed Robin
  2001 | D:2      | Reached XP level 4. HP: 37/44 MP: 4/4
  2043 | D:3      | Noticed Jessica
  2054 | D:3      | Killed Jessica
  2055 | D:3      | Reached skill level 5 in Maces & Flails
  2140 | D:3      | Killed Robin
  2267 | D:3      | Noticed Sigmund
  2278 | D:3      | Killed Sigmund
  2279 | D:3      | Reached skill level 6 in Maces & Flails
  2279 | D:3      | Reached XP level 5. HP: 26/50 MP: 5/5
  2279 | D:3      | Reached XP level 6. HP: 31/59 MP: 6/6
  2612 | D:4      | Noticed Grinder
  2676 | D:4      | Reached skill level 7 in Maces & Flails
  2715 | D:4      | Paralysed by Grinder for 4 turns
  2726 | D:4      | Killed Grinder
  2727 | D:4      | Reached skill level 8 in Maces & Flails
  2727 | D:4      | Reached XP level 7. HP: 13/66 MP: 7/7
  3087 | D:4      | Found an ancient bone altar of Kikubaaqudgha.
  3095 | D:4      | Became a worshipper of Kikubaaqudgha
  3247 | D:4      | You fall into a shaft and drop 3 floors!
  3326 | D:6      | HP: 1/66 [white imp (5)]
  3384 | D:6      | Reached skill level 9 in Maces & Flails
  3724 | D:6      | Found a sacrificial altar of Ru.
  3791 | D:6      | HP: 2/66 [gnoll/+0 spear[a gnoll bouda] (5)]
  3794 | D:6      | Slain by a gnoll bouda

Illustrated notes

Levels and vault maps discovered:
D:1:      minmay_arrival_statue_studded, layout_rooms, minivault_14
D:2:      layout_basic, serial_bayou_lagoon_a, uniq_crazy_yiuf_cottage
D:3:      layout_rooms, uniq_jessica, uniq_robin, uniq_sigmund
D:4:      layout_loops_ring, lemuel_round_altar,
          lemuel_zombie_altar_kikubaaqudgha, uniq_grinder
D:6:      layout_rooms, hangedman_ru_absence
D:7:      layout_rooms, grunt_temple_overflow_order_and_chaos_2,
          grunt_dithmenos_smoke, serial_shops, nicolae_stop_n_shop_1,
          minmay_fountain_box, uniq_menkaure, uniq_maurice

Skill      XL: |  1  2  3  4  5  6  7 |
---------------+----------------------+-----
Maces & Flails | 4 6 8 9 |  9.2
Fighting       | |  2.6
Ranged Weapons | |  1.3
Throwing       | |  2.0
Stealth        | |  1.0

Action                     |  1- 3 |  4- 6 |  7- 9 || total
---------------------------+-------+-------+-------++-------
  Melee: Mace              |   103 |    65 |    75 ||   243
         Headbutt          |     9 |    12 |     8 ||    29
         Punch             |     2 |     1 |     1 ||     4
  Throw: Dart              |     1 |     7 |     4 ||    12
    Use: Potion            |       |     2 |     2 ||     4
   Stab: Sleeping          |     1 |       |     1 ||     2
 Armour: Robe              |    93 |    30 |    60 ||   183
         Skin              |       |       |     4 ||     4
  Dodge: Dodged            |    51 |    20 |    28 ||    99
  Block: Other             |    17 |    14 |    18 ||    49
